 Dungeon Crawl Stone Soup version 0.31-a0-196-g86fe4a5e66 (webtiles) character file.

Game seed: 5954583038333838330

158 Gorgondantess the Poker (level 5, 0/41 HPs)
             Began as a Human Wanderer on June 25, 2023.
             Was a Plaything of Xom.
             Splashed by a jelly's acid (1 damage)
             ... on level 4 of the Dungeon.
             The game lasted 00:07:08 (2541 turns).

Gorgondantess the Poker (Human Wanderer)            Turns: 2541, Time: 00:07:08

Health: 0/41       AC:  0    Str: 15    XL:     5   Next: 67%
Magic:  5/5        EV: 11    Int: 12    God:    Xom [.*....]
Gold:   186        SH:  5    Dex: 14    Spells: 4/4 levels left

rFire   + . .        a - +2 spear
rCold   . . .        (no shield)
rNeg    . . .        v - +0 ring mail of the Lumpy Spirits {rPois Will+}
rPois   +            (no helmet)
rElec   .            g - +0 cloak
rCorr   .            (no gloves)
SInv    .            m - +0 pair of boots
Will    +....        j - amulet of reflection
Stlth   +            (no ring)
HPRegen 0.26/turn    (no ring)
MPRegen 0.09/turn

%: reflection
@: corroded
A: clever 1, fire resistance 1, mutation resistance 1
a: Renounce Religion


You were on level 4 of the Dungeon.
You worshipped Xom.
You were a plaything of Xom.
You visited 1 branch of the dungeon, and saw 4 of its levels.

You collected 186 gold pieces.

Inventory:

Hand Weapons
 a - a +2 spear (weapon)
 b - a +0 quarterstaff
Missiles
 i - 2 poisoned darts
 q - 2 curare-tipped darts
Armour
 e - a +0 leather armour
 g - a +0 cloak (worn)
 h - a +0 ring mail
 m - a +0 pair of boots (worn)
 o - a +1 leather armour of fire resistance
 v - the +0 ring mail of the Lumpy Spirits (worn) {rPois Will+}
   (You found it on level 4 of the Dungeon)

   rPois:     It protects you from poison.
   Will:      It increases your willpower.
Jewellery
 j - an amulet of reflection (around neck)
 l - a ring of wizardry
Scrolls
 k - a scroll of noise {unknown}
 r - a scroll of brand weapon {unknown}
 s - a scroll of immolation {unknown}
 t - a scroll of amnesia {unknown}
 u - a scroll of identify {unknown}
Potions
 d - a potion of haste
 f - 3 potions of curing
 n - 2 potions of enlightenment
 p - a potion of ambrosia {unknown}
Miscellaneous
 c - a piece from Xom's chessboard (15/15) (quivered)


   Skills:
 * Level 3.5 Fighting
 + Level 5.4 Polearms
 - Level 1.0(3.4) Staves
 - Level 1.0 Throwing
 + Level 1.7 Armour
 + Level 1.7 Dodging
 + Level 1.9 Stealth
 - Level 1.0 Evocations


You had 4 spell levels left.
You didn't know any spells.
Your spell library was empty.

Dungeon Overview and Level Annotations

Branches:
Dungeon (4/15)
 Temple: D:4-7

Altars:
Sif Muna
Uskayaw
Wu Jian
Xom


Innate Abilities, Weirdness & Mutations

Your mind is acute. (Int +4, Str/Dex -1)
Your flesh is heat resistant. (rF+)
You are somewhat resistant to further mutation.


Message History

You finish taking off your +1 leather armour of fire resistance.
You feel less resistant to fire.
You start putting on your armour.
You continue putting on the +0 ring mail of the Lumpy Spirits {rPois Will+}. x5
You finish putting on the +0 ring mail of the Lumpy Spirits {rPois Will+}.
A goblin comes into view. It is wielding a +0 club.
The jelly quivers.
You reach to attack!
You puncture the jelly!
The jelly is heavily wounded.
The goblin shouts!
You barely miss the jelly.
The jelly is heavily wounded.
The jelly hits you.
You are splashed with acid!
You hit the jelly. The acid corrodes you!
Your hands burn!
The jelly is heavily wounded.
You hit the jelly but do no damage.
Your hands burn!
The jelly is heavily wounded.
The jelly hits you but does no damage. The jelly attacks as you move away!
The jelly hits you.
You are splashed with acid.
You hit the jelly.
Your hands burn!
The jelly is heavily wounded.
The jelly closely misses you.
You hit the jelly.
Your hands burn!
* * * LOW HITPOINT WARNING * * *
The jelly is severely wounded.
You block the jelly's attack.
You hit the jelly.
Your hands burn!
* * * LOW HITPOINT WARNING * * *
The jelly is severely wounded.
The jelly hits you.
* * * LOW HITPOINT WARNING * * *
The acid corrodes you!
You are splashed with acid!
* * * LOW HITPOINT WARNING * * *
You barely miss the jelly.
The jelly is severely wounded.
You block the jelly's attack.
You hit the jelly but do no damage.
Your hands burn!
You die...
Xom titters!

... #.# ... ###.# # #...#
.######
###########.#.#.##........
..^......g................
####...#J#.###.## ......)
## ... ..?....g#@#...).#
####### .##..#
#####...#.########### #..
.....##
.....#.#.........## #.#
......
#.....#.#.##.......###.#
....###
#...###...##...........#
...... #...
######.......##### ...#
#... ###########.. .#
#...... .# #......


You could see a jelly and a goblin.

Vanquished Creatures
  An adder (D:2)
  A gnoll (D:1)
  3 worms
  4 dart slugs
  2 orcs
  2 ball pythons
  5 endoplasms
  4 giant cockroaches
  3 goblins
  10 hobgoblins
  5 quokkas
  4 bats
  A frilled lizard (D:2)
  9 kobolds
  3 rats
57 creatures vanquished.

Vanquished Creatures (collateral kills)
  An orc priest (D:3)
  An orc wizard (D:3)
  An orc (D:3)
3 creatures vanquished.

Grand Total: 60 creatures vanquished

Notes
Turn   | Place    | Note
-------+----------+-------------------------------------------
     0 | D:1      | Gorgondantess the Human Wanderer began the quest for the
                  | Orb.
     0 | D:1      | Gorgondantess set off with the following items: a +2 spear,
                  | a +0 quarterstaff, a piece from Xom's chessboard (15/15), a
                  | potion of haste, a +0 leather armour.
     0 | D:1      | Reached XP level 1. HP: 16/16 MP: 1/1
   171 | D:1      | Reached XP level 2. HP: 22/22 MP: 2/2
   255 | D:1      | Reached XP level 3. HP: 28/28 MP: 3/3
   360 | D:1      | Reached skill level 1 in Stealth
   436 | D:1      | Reached skill level 1 in Armour
   726 | D:2      | Reached skill level 1 in Dodging
   863 | D:2      | Reached XP level 4. HP: 34/34 MP: 4/4
  1028 | D:2      | Found an ornate altar of the Wu Jian Council.
  1116 | D:2      | Found a faded altar of an unknown god.
  1170 | D:2      | Prayed at the altar of an unknown god.
  1170 | D:2      | Became a worshipper of Xom of Chaos
  1501 | D:2      | XOM: silly message
  1781 | D:3      | XOM: noise
  1790 | D:3      | XOM: summons friendly ufetubus
  1794 | D:3      | Reached XP level 5. HP: 10/41 MP: 5/5
  1825 | D:3      | XOM: give mutations
  1825 | D:3      | Gained mutation: Your mind is acute. (Int +4, Str/Dex -1)
                  | [Xom's mischief]
  1825 | D:3      | Gained mutation: You are frail. (-10% HP) [Xom's mischief]
  1825 | D:3      | Gained mutation: You are somewhat resistant to further
                  | mutation. [Xom's mischief]
  2081 | D:3      | Noticed a +0 short sword
  2081 | D:3      | Noticed a +0 dagger
  2081 | D:3      | Noticed a +0 dagger
  2082 | D:3      | Noticed a +0 falchion
  2082 | D:3      | Noticed a +0 spear
  2083 | D:3      | Noticed a +0 spear
  2084 | D:3      | Noticed a +0 short sword
  2085 | D:3      | Noticed a +0 falchion
  2134 | D:3      | Found a hide-covered altar of Uskayaw.
  2207 | D:3      | XOM: give mutations
  2207 | D:3      | Lost mutation: You are frail. (-10% HP) [Xom's mischief]
  2207 | D:3      | Gained mutation: Your flesh is heat resistant. (rF+) [Xom's
                  | mischief]
  2426 | D:4      | Found a shimmering blue altar of Sif Muna.
  2510 | D:4      | Identified the +0 ring mail of the Lumpy Spirits {rPois
                  | Will+}
  2539 | D:4      | HP: 1/41 [acid (7)]
  2541 | D:4      | Splashed by a jelly's acid

Illustrated notes

Levels and vault maps discovered:
D:1:      shiori_arrival_oz, layout_loops_ring
D:2:      layout_rooms, basic_altar, shapermc_ecumenical_altar_ellora,
          hangedman_glass_teeth
D:3:      layout_loops_cross, nicolae_uskayaw_en_pointe, st_stairs_14,
          grunt_decor_arrowhead
D:4:      layout_basic, tgw_fedhas, mainiacjoe_overflow_tiny_flanked

Skill      XL: |  1  2  3  4 |
---------------+-------------+-----
Stealth        | 1 |  1.9
Armour         | 1 |  1.7
Dodging        | 1 |  1.7
Fighting       | 3 |  3.5
Polearms       | |  5.4
Staves         | |  1.0
Throwing       | |  1.0
Evocations     | |  1.0

Action                     |  1- 3 |  4- 6 || total
---------------------------+-------+-------++-------
  Melee: Spear             |    89 |   130 ||   219
    Use: Potion            |       |     3 ||     3
   Stab: Sleeping          |     3 |     6 ||     9
         Distracted        |     1 |       ||     1
 Armour: Ring mail         |    12 |     1 ||    13
         Leather armour    |     1 |    36 ||    37
  Dodge: Dodged            |    20 |    39 ||    59
  Block: Other             |     9 |    17 ||    26
         Reflection        |     2 |     1 ||     3

Table legend: (Time is in decaauts)
 A = Elapsed time spent in this place.
 B = Non-inter-level travel time spent in this place.
 C = Inter-level travel time spent in this place.
 D = Time resting spent in this place.
 E = Time spent auto-exploring this place.
 F = Levels seen in this place.
 G = Mean time per level.
                   A        B        C        D        E       F      G
               +--------+--------+--------+--------+--------+-----+--------+
         Total |   2506 |   2434 |     72 |      0 |   1918 |   4 |  626.5 |
       Dungeon |   2506 |   2434 |     72 |      0 |   1918 |   4 |  626.5 |
               +--------+--------+--------+--------+--------+-----+--------+

Top non-repeatable levels by time:
     D:3: 800 daAuts
     D:2: 777 daAuts
     D:1: 711 daAuts
     D:4: 216 daAuts
